 Dungeon Sprint DCSS version 0.30-a0-737-gf23d94013f (webtiles) character file.

Game seed: 8754979984203536772

25 sircluck the Grave Robber (level 3, 0/26 HPs)
             Began as a Hill Orc Necromancer on Feb 1, 2023.
             Slain by an ogre
             ... wielding a +0 giant spiked club
              (15 damage)
             ... in the Dungeon (Sprint I: "Red Sonja").
             The game lasted 00:01:06 (32 turns).

sircluck the Grave Robber (Hill Orc Necromancer)      Turns: 32, Time: 00:01:07

Health: 0/26       AC:  2    Str: 10    XL:     3   Next: 4%
Magic:  3/6        EV: 12    Int: 17    God:
Gold:   0          SH:  0    Dex: 11    Spells: 5/6 levels left

rFire   . . .      SeeInvis .    h - +0 dagger (protect)
rCold   . . .      Faith    .    (no shield)
rNeg    . . .      Spirit   .    a - +0 robe
rPois   .          Reflect  .    (no helmet)
rElec   .          Harm     .    (no cloak)
rCorr   .          Rampage  .    (no gloves)
Will    .....      NoTele   +    (no boots)
Stlth   ++                       (no amulet)
HPRegen 0.24/turn                (no ring)
MPRegen 0.10/turn                (no ring)

@: no status effects
A: no striking features
a: no special abilities


You were in the Dungeon.
You visited 1 branch

Inventory:

Hand Weapons
 h - a +0 dagger of protection (weapon)
Armour
 a - a +0 robe (worn)
 i - a +0 leather armour
Wands
 c - a wand of flame (21)
Scrolls
 g - a scroll of blinking
Potions
 b - a potion of magic
 d - a potion of degeneration {unknown}
 e - a potion of haste
 f - a potion of berserk rage


   Skills:
 + Level 1.9 Dodging
 + Level 2.0 Stealth
 + Level 2.4 Spellcasting
 + Level 6.2 Necromancy


You had 5 spell levels left.
You knew the following spells:

 Your Spells              Type           Power      Damage    Failure   Level
a - Necrotise             Necr           92%        1d8       1%          1

Your spell library contained the following spells:

 Spells                   Type           Power      Damage    Failure   Level
 Vampiric Draining        Necr           23%        2d7       4%          3
 Animate Dead             Necr           23%        N/A       14%         4
 Agony                    Necr           23%        N/A       36%         5


Dungeon Overview and Level Annotations

Branches:
Dungeon (1/1)

Altars:


Message History

Aiming: Necrotise (safe; 4% risk of failure)
Press: ? - help, Shift-Dir - straight line, f/p - Ijyb
Aim: Ijyb, wielding a +0 dagger of protection, wearing a +0 leather armour and carrying a wand of flame (21) (almost dead, chance to affect: 76%) Ijyb writhes in agony.
Ijyb hits you with a +0 dagger of protection.
Casting: Necrotise (safe; 4% risk of failure)
Confirm with . or Enter, or press ? or * to list all spells.
Aiming: Necrotise (safe; 4% risk of failure)
Press: ? - help, Shift-Dir - straight line, f/p - Ijyb
Aim: Ijyb, wielding a +0 dagger of protection, wearing a +0 leather armour and carrying a wand of flame (21) (almost dead, chance to affect: 76%) Ijyb writhes in agony.
You kill Ijyb!
The dead are walking!
Your Stealth skill increases to level 2!
Your Spellcasting skill increases to level 2!
Your Necromancy skill gained 2 levels and is now at level 6!
You have reached level 2!
You have reached level 3!
Your experience leads to an increase in your attributes!
Increase (S)trength, (I)ntelligence, or (D)exterity?
You feel clever. x2
c - a wand of flame (21);
d - a fuming cyan potion
Things that are here:
a +0 dagger of protection; a +0 leather armour
h - a +0 dagger of protection;
i - a +0 leather armour Your +0 dagger of protection hums with potential!
h - a +0 dagger of protection (weapon)
There is an open door here.
You open the door.
An ogre comes into view. It is wielding a +0 giant spiked club.
The ogre shouts!
You swap places.
Ijyb hits the ogre.
The ogre attacks as you move away! The ogre barely misses you.
Ijyb barely misses the ogre.
There is an open door here.
Ijyb hits the ogre.
The ogre attacks as you move away!
The ogre hits you with a +0 giant spiked club!
Ouch! That really hurt!
You die...

##########
#<.#.Z'..#
#..O..#..+
#.@#### +#
#..# #..#
#..# #⌠⌠#
####


You could see an ogre (ally target) and the friendly Ijyb the goblin skeleton.

Vanquished Creatures
  Ijyb (D)
1 creature vanquished.

Notes
Turn   | Place    | Note
-------+----------+-------------------------------------------
     0 | D        | sircluck the Hill Orc Necromancer began the quest for the
                  | Orb.
     0 | D        | Reached XP level 1. HP: 14/14 MP: 3/3
     2 | D        | Noticed Ijyb
    15 | D        | Killed Ijyb
    16 | D        | Reached skill level 6 in Necromancy
    16 | D        | Reached XP level 2. HP: 9/20 MP: 1/5
    16 | D        | Reached XP level 3. HP: 12/26 MP: 1/6
    27 | D        | Noticed an ogre
    32 | D        | Slain by an ogre

Illustrated notes

Levels and vault maps discovered:
D:        dungeon_sprint_1 [red_sonja_temple_1, red_sonja_temple_small_1]

Skill      XL: |  1 |
---------------+----+-----
Stealth        | 2 |  2.0
Spellcasting   | 2 |  2.4
Necromancy     | 6 |  6.2
Dodging        | |  1.9

Action                     || total
---------------------------++-------
   Cast: Necrotise         ||     8
    Use: Potion            ||     4
 Armour: Robe              ||     1
  Dodge: Dodged            ||     2

Table legend: (Time is in decaauts)
 A = Elapsed time spent in this place.
 B = Non-inter-level travel time spent in this place.
 C = Inter-level travel time spent in this place.
 D = Time resting spent in this place.
 E = Time spent auto-exploring this place.
 F = Levels seen in this place.
 G = Mean time per level.
                   A        B        C        D        E       F      G
               +--------+--------+--------+--------+--------+-----+--------+
         Total |     31 |     31 |      0 |      0 |      0 |   1 |   31.0 |
       Dungeon |     31 |     31 |      0 |      0 |      0 |   1 |   31.0 |
               +--------+--------+--------+--------+--------+-----+--------+

Top non-repeatable levels by time:
       D: 31 daAuts
